 Dungeon Crawl Stone Soup version 0.29.1-13-g9f3cf754e1 (webtiles) character file.

Game seed: 18116864928961568192

130 HOAXBANE the Firebug (level 5, -2/41 HPs)
             Began as a Human Cinder Acolyte on Feb 3, 2023.
             Was a High Priest of Ignis.
             Killed by divine providence
             ... invoked by an orc priest
              (10 damage)
             ... on level 3 of the Dungeon.
             The game lasted 00:46:40 (3724 turns).

HOAXBANE the Firebug (Human Cinder Acolyte)         Turns: 3724, Time: 00:46:41

Health: -2/41      AC: 12    Str: 16    XL:     5   Next: 36%
Magic:  6/6        EV:  4    Int: 21    God:    Ignis [*****.]
Gold:   136        SH:  0    Dex:  8    Spells: 4/6 levels left

rFire   + . .      SeeInvis .   a - -1 mace (flame)
rCold   . . .      Faith    .   (no shield)
rNeg    . . .      Spirit   .   i - +0 plate armour
rPois   .          Reflect  .   m - +0 helmet
rElec   .          Harm     .   (no cloak)
rCorr   .          Rampage  .   (no gloves)
Will    .....                   (no boots)
Stlth   ..........              (no amulet)
HPRegen 0.13/turn               y - +6 ring of intelligence
MPRegen 0.10/turn               (no ring)

@: no status effects
A: no striking features
a: Renounce Religion, Fiery Armour, Foxfire Swarm, Rising Flame


You were on level 3 of the Dungeon.
You worshipped Ignis.
Ignis was extremely pleased with you.
You visited 1 branch of the dungeon, and saw 3 of its levels.

You collected 136 gold pieces.

Inventory:

Hand Weapons
 a - a -1 mace of flaming (weapon)
 d - a +0 sling
Missiles
 g - 5 poisoned darts (quivered)
 s - 2 stones
Armour
 i - a +0 plate armour (worn)
 m - a +0 helmet (worn)
Magical Staves
 o - a staff of death
Jewellery
 y - a +6 ring of intelligence (left hand)
Scrolls
 j - a scroll of amnesia
 l - a scroll of poison {unknown}
 n - a scroll of magic mapping
 q - a scroll of butterflies {unknown}
 r - a scroll of silence {unknown}
 t - a scroll of noise {unknown}
 w - a scroll of enchant armour {unknown}
Potions
 b - a potion of haste
 c - 2 potions of brilliance
 e - a potion of mutation {unknown}
 f - a potion of invisibility {unknown}
 h - 2 potions of lignification
 k - 3 potions of ambrosia {unknown}
 p - 2 potions of degeneration {unknown}
 u - a potion of magic {unknown}
 v - a potion of resistance {unknown}
 x - a potion of might {unknown}
 z - a potion of curing {unknown}


   Skills:
 - Level 3.1 Fighting
 - Level 3.1(3.2) Maces & Flails
 + Level 0.6(2.0) Staves
 + Level 3.1 Armour
 - Level 1.2 Spellcasting
 + Level 1.4 Necromancy
 - Level 3.1 Fire Magic
 + Level 1.4 Evocations


You had 4 spell levels left.
You knew the following spells:

 Your Spells              Type           Power      Damage    Failure   Level
a - Scorch                Fire           28%        2d6       99%         2

Your spell library contained the following spells:

 Spells                   Type           Power      Damage    Failure   Level


Dungeon Overview and Level Annotations

Branches:
Dungeon (3/15)

Altars:
Cheibriados
Sif Muna

Shops:
D:1 =   D:2 *


Message History

You closely miss the orc. The orc hits you but does no damage.
The orc barely misses you.
You sock the orc! You burn the orc.
You kill the orc!
You start resting.
An orc priest is nearby!
Items here: $ ))) [.
The orc priest shouts!
The orc priest mumbles some strange prayers to Beogh against you.
Pain shoots through your body!
Press: ? - help, v - describe, . - travel
Here: an orc priest, wielding a +0 whip The floor, spattered with blood.
Okay, then.
Unknown command.
You start resting.
An orc priest is nearby!
The orc priest hits you but does no damage.
You hit the orc priest. You burn the orc priest.
The orc priest is lightly wounded.
The orc priest hits you but does no damage.
The orc priest invokes the aid of Beogh against you.
Pain shoots through your body!
You completely miss the orc priest.
The orc priest is lightly wounded.
The orc priest hits you with a +0 whip.
* * * LOW HITPOINT WARNING * * *
You hit the orc priest. You burn the orc priest.
The orc priest is lightly wounded.
The orc priest hits you with a +0 whip.
* * * LOW HITPOINT WARNING * * *
You closely miss the orc priest.
The orc priest is lightly wounded.
The orc priest looks satisfied for a moment.
You hit the orc priest. You burn the orc priest.
The orc priest is heavily wounded.
The orc priest barely misses you.
The orc priest invokes the aid of Beogh against you.
Beogh smites you!
You die...

#.#..###≈≈##~..<...
#.#..≈≈≈≈#≈≈#......
#.#.##≈#≈≈≈≈#~.....
#.#.#≈≈≈≈≈≈#≈~.....
#.#.~≈≈≈≈≈≈≈≈#.....
#.#.##≈#≈#≈≈##.....
#.#..#~≈≈≈≈≈#..#...
#)#..##~≈≈#≈#..#.##
#o@....####....#.#
###............#.#
##########.....#
#######


You could see an orc priest.

Vanquished Creatures
  An orc wizard (D:3)
  Robin (D:1)
  4 adders (D:3)
  4 orcs (D:3)
  5 bats
  5 endoplasms
  7 goblins
  10 hobgoblins
  2 quokkas
  3 frilled lizards (D:1)
  5 kobolds
  6 rats
53 creatures vanquished.

Vanquished Creatures (others)
  31 plants (D:3)
31 creatures vanquished.

Grand Total: 84 creatures vanquished

Notes
Turn   | Place    | Note
-------+----------+-------------------------------------------
     0 | D:1      | HOAXBANE the Human Cinder Acolyte began the quest for the
                  | Orb.
     0 | D:1      | Reached XP level 1. HP: 18/18 MP: 2/2
   385 | D:1      | Reached XP level 2. HP: 24/24 MP: 3/3
   388 | D:1      | Learned a level 2 spell: Scorch
   662 | D:1      | Found Houm's Jewellery Boutique.
   711 | D:1      | Reached skill level 1 in Armour
  1016 | D:1      | Found a faded altar of an unknown god.
  1334 | D:2      | Reached XP level 3. HP: 29/29 MP: 4/4
  1446 | D:2      | Noticed Robin
  1529 | D:1      | Killed Robin
  2196 | D:2      | Found a snail-covered altar of Cheibriados.
  2456 | D:2      | Reached XP level 4. HP: 31/35 MP: 5/5
  2585 | D:2      | Found Dogaduen's Assorted Antiques.
  3405 | D:3      | Reached skill level 1 in Evocations
  3545 | D:3      | Reached skill level 1 in Necromancy
  3569 | D:3      | Found a shimmering blue altar of Sif Muna.
  3593 | D:3      | Reached XP level 5. HP: 41/41 MP: 6/6
  3724 | D:3      | Killed from afar by an orc priest

Illustrated notes

Levels and vault maps discovered:
D:1:      minmay_arrival_widening_spiral_narrow, layout_basic, serial_shops,
          nicolae_shop_hallway_stairs, shapermc_ecumenical_altar_ellora,
          minmay_misc_feat_columns
D:2:      layout_basic, basic_altar, serial_shops, shop, minmay_cut_off,
          uniq_robin
D:3:      layout_rooms, nicolae_sif_muna_condensation, serial_aquarium,
          aquarium_bridge_straight [aquarium_subvault_bridge,
          aquarium_subvault_wall, aquarium_subvault_bridge,
          aquarium_subvault_balcony], aquarium_bridge_long_joined
          [aquarium_subvault_window, aquarium_subvault_wall,
          aquarium_subvault_bridge, aquarium_subvault_wall,
          aquarium_subvault_wall, aquarium_subvault_bridge],
          aquarium_window_double, aquarium_window_corner, aquarium_window_3,
          aquarium_window_2, aquarium_view_2b, aquarium_balcony_5b,
          aquarium_pool_2, serial_bayou_lagoon_a, minmay_misc_feat_iff,
          minivault_4

Skill      XL: |  1  2  3  4  5 |
---------------+----------------+-----
Armour         | 1 2 3 |  3.1
Evocations     | 1 |  1.4
Necromancy     | 1 |  1.4
Fighting       | |  3.1
Maces & Flails | |  3.1
Staves         | |  0.6
Spellcasting   | |  1.2
Fire Magic     | |  3.1

Action                   |  1- 3 |  4- 6 || total
-------------------------+-------+-------++-------
Melee: Mace              |   124 |    84 ||   208
       Staff             |     6 |       ||     6
       Punch             |     1 |       ||     1
Throw: Dart              |     4 |     4 ||     8
 Cast: Scorch            |     1 |       ||     1
  Use: Scroll            |     2 |     3 ||     5
 Stab: Sleeping          |     1 |       ||     1
Armor: Robe              |     8 |       ||     8
       Plate armour      |   106 |    74 ||   180
Dodge: Dodged            |    44 |    19 ||    63
